Montreal Canadiens vs Toronto Maple Leafs
Created - Friday, March 17, 2023 at 11:39
Goals
|
| Montreal Canadiens |
0 |
2 |
0 |
2 |
| Toronto Maple Leafs |
1 |
1 |
2 |
4 |
|
Shots
|
| Montreal Canadiens |
11 |
21 |
9 |
41 |
| Toronto Maple Leafs |
7 |
14 |
16 |
37 |
|
1st period
1. Toronto Maple Leafs , Troy Terry 2 (Ryan Pulock 1) at 16:49
Penalties :
Laurent Dauphin (MTL) for Hooking (Minor) at 2:53, Dougie Hamilton (TOR) for High sticking (Minor) at 6:24, Tyler Myers (MTL) for Hooking (Minor) at 11:51, Brady Tkachuk (TOR) for Hooking (Minor) at 18:19
2nd period
2. Toronto Maple Leafs , Andrew Mangiapane 2 (Adam Henrique 2) at 4:10
3. Montreal Canadiens , Tomas Nosek 1 (Adam Fox 3, Tyson Jost 1) at 5:06
4. Montreal Canadiens , Patrik Laine 6 (Filip Forsberg 4, Sidney Crosby 9) at 18:58 (PP)
Penalties :
Tyler Myers (MTL) for Kneeing (Minor) at 5:26, Craig Smith (TOR) for Goalie Interference (Minor) at 18:54
3rd period
5. Toronto Maple Leafs , Kyle Okposo 2 (Andrew Mangiapane 1, Adam Henrique 3) at 1:18
6. Toronto Maple Leafs , Troy Terry 3 (Dougie Hamilton 3) at 19:43 (PP)
Penalties :
Tyler Myers (MTL) for Roughing (Minor) at 1:45, Adam Fox (MTL) for Hooking (Minor) at 6:13, Brady Skjei (MTL) for Roughing (Minor) at 9:00, Dougie Hamilton (TOR) for Tripping (Minor) at 15:48, Filip Forsberg (MTL) for Diving (Minor) at 19:34
Goalie Stats
Jacob Markstrom (MTL), 33 saves from 37 shots - (0.892), L, 1-2-0, 59:25 minutes
James Reimer (TOR), 39 saves from 41 shots - (0.951), W, 2-2-0, 60:00 minutes
Players Stats for Montreal Canadiens
Player Name G A P +/- PIM S H SB GA TA FO MP PP MP PK MP
------------------------------------------------------------------------------------
Adam Fox 0 1 1 -2 2 3 2 1 0 0 0/0 28:19 3:46 6:22
Alexandre Carrier 0 0 0 0 0 1 0 2 0 1 0/0 13:44 0:00 4:34
Brady Skjei 0 0 0 0 2 1 1 0 1 0 0/0 21:04 2:15 4:18
Christian Fischer 0 0 0 0 0 1 1 0 0 1 0/0 9:04 0:00 0:00
Filip Forsberg 0 1 1 0 2 5 2 0 0 0 1/6 24:32 3:14 6:39
Filip Hronek 0 0 0 0 0 1 2 0 0 1 0/0 21:36 2:15 4:41
Jake Evans 0 0 0 -2 0 0 1 0 0 0 0/0 14:29 2:35 0:00
Laurent Dauphin 0 0 0 0 2 0 0 0 0 0 0/0 5:59 0:00 0:00
Marco Scandella 0 0 0 0 0 2 1 0 0 0 0/0 10:27 0:00 0:53
Martin Necas 0 0 0 -2 0 3 1 1 0 0 9/17 17:40 2:35 3:09
Matty Beniers 0 0 0 0 0 1 3 0 0 0 1/1 5:59 0:12 0:00
Miles Wood 0 0 0 -2 0 4 3 0 1 0 1/1 14:29 2:35 0:00
Patrik Laine 1 0 1 0 0 5 2 0 1 1 2/2 21:45 3:14 5:00
Rasmus Asplund 0 0 0 0 0 0 1 0 0 0 0/0 5:42 0:00 0:00
Sidney Crosby 0 1 1 0 0 8 2 0 1 1 14/32 25:04 3:26 6:43
Tomas Nosek 1 0 1 0 0 5 1 0 0 1 1/1 11:30 0:00 2:07
Tyler Myers 0 0 0 -2 6 0 1 0 1 1 0/0 25:51 3:46 3:18
Tyson Jost 0 1 1 0 0 1 0 0 0 0 6/8 10:36 0:12 0:28
Players Stats for Toronto Maple Leafs
Player Name G A P +/- PIM S H SB GA TA FO MP PP MP PK MP
------------------------------------------------------------------------------------
Adam Henrique 0 2 2 2 0 3 1 0 1 0 7/13 18:03 4:58 0:57
Andrew Mangiapane 1 1 2 2 0 6 0 1 0 1 2/2 21:11 4:58 3:09
Brady Tkachuk 0 0 0 0 2 2 1 0 2 0 0/2 20:49 6:51 0:04
Cody Ceci 0 0 0 2 0 0 2 0 0 0 0/0 23:24 4:59 3:39
Craig Smith 0 0 0 0 2 3 1 0 1 0 0/0 7:34 0:14 0:00
Dougie Hamilton 0 1 1 0 4 2 2 2 0 0 0/0 23:59 7:04 0:00
Jonas Siegenthaler 0 0 0 0 0 0 1 0 0 1 0/0 13:01 0:00 2:22
Josh Bailey 0 0 0 0 0 0 1 0 0 0 0/0 13:41 0:14 0:00
Kyle Okposo 1 0 1 2 0 2 0 1 1 0 0/0 14:23 0:14 0:57
Luke Schenn 0 0 0 0 0 1 0 0 0 1 0/0 10:32 0:00 0:00
Mario Ferraro 0 0 0 0 0 0 1 2 0 0 0/0 23:38 4:59 3:39
Nicolas Roy 0 0 0 0 0 1 0 0 1 0 2/5 8:59 0:00 1:51
Pierre Engvall 0 0 0 0 0 1 0 0 1 0 0/0 8:50 0:00 1:51
Ryan Pulock 0 1 1 2 0 3 2 3 0 0 0/0 25:35 7:04 2:22
Sam Bennett 0 0 0 0 0 7 2 0 0 0 17/32 20:21 6:51 0:00
Scott Laughton 0 0 0 0 0 0 0 0 0 0 5/14 12:05 0:00 3:13
Trevor Zegras 0 0 0 0 0 2 2 1 0 2 0/0 12:48 4:58 0:00
Troy Terry 2 0 2 0 0 4 1 0 0 0 0/0 15:02 6:51 0:00
3 Stars
1 - Troy Terry (TOR)
2 - James Reimer (TOR)
3 - Andrew Mangiapane (TOR)
Power Play
Montreal Canadiens - 1 on 4 Attempt(s) - 25.00%
Toronto Maple Leafs - 1 on 7 Attempt(s) - 14.29%
Penalty Kill
Montreal Canadiens - 6 on 7 Attempt(s) - 85.71%
- Score 0 goal in Penalty Kill
Toronto Maple Leafs - 3 on 4 Attempt(s) - 75.00%
- Score 0 goal in Penalty Kill
Team Stat
Montreal Canadiens - Hits : 24 - Faceoff Wins : 35 - Blocked Shots : 4 - Penalty Minutes : 14
Toronto Maple Leafs - Hits : 17 - Faceoff Wins : 33 - Blocked Shots : 10 - Penalty Minutes : 8
Official
Referees : Garrett Rank and Mark Lemelin
Linesman : Brad Kovachik and Tony Sericolo
Game Notes
No Game Note
Finance
Level 1 -- Attendance: 5622 (93.70%) -- Ticket Income $528,468
Level 2 -- Attendance: 5000 (100.00%) -- Ticket Income $270,000
Level 3 -- Attendance: 2848 (94.93%) -- Ticket Income $93,984
Level 4 -- Attendance: 5000 (100.00%) -- Ticket Income $105,000
Luxury Box -- Attendance: 993 (99.30%) -- Ticket Income $191,649
Game was played at the Air Canada Centre.
Total Attendance: 19463 (97.32%)
Total Ticket Income: $1,189,101
Other Income: $416,185
Total Income: $1,605,286
Montreal Canadiens
5 vs 5 Forward
Center Left Wing Right Wing Time % Phy DF OF
1 Sidney Crosby Filip Forsberg Patrik Laine 40 1 2 2
2 Martin Necas Miles Wood Jake Evans 30 1 2 2
3 Tyson Jost Tomas Nosek Christian Fischer 20 1 2 2
4 Matty Beniers Rasmus Asplund Laurent Dauphin 10 1 2 2
5 vs 5 Defense
Defense Defense Time % Phy DF OF
1 Tyler Myers Adam Fox 40 1 2 2
2 Brady Skjei Filip Hronek 30 1 2 2
3 Marco Scandella Alexandre Carrier 20 1 2 2
4 Tyler Myers Adam Fox 10 1 2 2
PowerPlay Forward
Center Left Wing Right Wing Time % Phy DF OF
1 Sidney Crosby Filip Forsberg Patrik Laine 60 1 2 2
2 Martin Necas Miles Wood Jake Evans 40 1 2 2
PowerPlay Defense
Defense Defense Time % Phy DF OF
1 Tyler Myers Adam Fox 60 1 2 2
2 Brady Skjei Filip Hronek 40 1 2 2
Penalty Kill 4 Players Forward
Center Wing Time % Phy DF OF
1 Sidney Crosby Filip Forsberg 60 1 2 2
2 Patrik Laine Martin Necas 40 1 2 2
Penalty Kill 4 Players Defense
Defense Defense Time % Phy DF OF
1 Tyler Myers Adam Fox 60 1 2 2
2 Brady Skjei Filip Hronek 40 1 2 2
Penalty Kill - 3 Players Forward
Forward Time % Phy DF OF
1 Sidney Crosby 60 1 2 2
2 Filip Forsberg 40 1 2 2
Penalty Kill - 3 Players Defense
Defense Defense Time % Phy DF OF
1 Tyler Myers Adam Fox 60 1 2 2
2 Brady Skjei Filip Hronek 40 1 2 2
4 vs 4 Forward
Center Wing Time % Phy DF OF
1 Sidney Crosby Filip Forsberg 60 1 2 2
2 Patrik Laine Martin Necas 40 1 2 2
4 vs 4 Defense
Defense Defense Time % Phy DF OF
1 Tyler Myers Adam Fox 60 1 2 2
2 Brady Skjei Filip Hronek 40 1 2 2
Last Minutes Offensive
Center Left Wing Right Wing Defense Defense
Sidney Crosby Filip Forsberg Patrik Laine Tyler Myers Adam Fox
Last Minutes Defensive
Center Left Wing Right Wing Defense Defense
Sidney Crosby Filip Forsberg Patrik Laine Tyler Myers Adam Fox
Goaltenders
Starting : Jacob Markstrom
Backup : Michael Dipietro
Extra Forwards
Normal : Tyson Jost, Matty Beniers, Tomas Nosek - PP : Tyson Jost, Matty Beniers - PK : Tomas Nosek
Extra Defensemen
Normal : Marco Scandella, Alexandre Carrier, Brady Skjei - PP : Marco Scandella - PK : Alexandre Carrier, Brady Skjei
Penalty Shots
Sidney Crosby, Filip Forsberg, Patrik Laine, Martin Necas, Miles Wood
Toronto Maple Leafs
5 vs 5 Forward
Center Left Wing Right Wing Time % Phy DF OF
1 Sam Bennett Brady Tkachuk Josh Bailey 40 1 2 2
2 Adam Henrique Andrew Mangiapane Kyle Okposo 30 1 2 2
3 Scott Laughton Trevor Zegras Troy Terry 20 1 2 2
4 Nicolas Roy Pierre Engvall Craig Smith 10 1 2 2
5 vs 5 Defense
Defense Defense Time % Phy DF OF
1 Dougie Hamilton Mario Ferraro 40 1 2 2
2 Ryan Pulock Cody Ceci 30 1 2 2
3 Luke Schenn Jonas Siegenthaler 20 1 2 2
4 Ryan Pulock Cody Ceci 10 1 2 2
PowerPlay Forward
Center Left Wing Right Wing Time % Phy DF OF
1 Sam Bennett Brady Tkachuk Troy Terry 60 1 2 2
2 Adam Henrique Trevor Zegras Andrew Mangiapane 40 1 2 2
PowerPlay Defense
Defense Defense Time % Phy DF OF
1 Dougie Hamilton Ryan Pulock 60 1 2 2
2 Cody Ceci Mario Ferraro 40 1 2 2
Penalty Kill 4 Players Forward
Center Wing Time % Phy DF OF
1 Scott Laughton Andrew Mangiapane 60 1 2 2
2 Nicolas Roy Pierre Engvall 40 1 2 2
Penalty Kill 4 Players Defense
Defense Defense Time % Phy DF OF
1 Mario Ferraro Cody Ceci 60 1 2 2
2 Ryan Pulock Jonas Siegenthaler 40 1 2 2
Penalty Kill - 3 Players Forward
Forward Time % Phy DF OF
1 Scott Laughton 60 1 2 2
2 Nicolas Roy 40 1 2 2
Penalty Kill - 3 Players Defense
Defense Defense Time % Phy DF OF
1 Mario Ferraro Cody Ceci 60 1 2 2
2 Jonas Siegenthaler Ryan Pulock 40 1 2 2
4 vs 4 Forward
Center Wing Time % Phy DF OF
1 Adam Henrique Andrew Mangiapane 60 1 2 2
2 Sam Bennett Brady Tkachuk 40 1 2 2
4 vs 4 Defense
Defense Defense Time % Phy DF OF
1 Ryan Pulock Cody Ceci 60 1 2 2
2 Dougie Hamilton Mario Ferraro 40 1 2 2
Last Minutes Offensive
Center Left Wing Right Wing Defense Defense
Sam Bennett Brady Tkachuk Troy Terry Dougie Hamilton Ryan Pulock
Last Minutes Defensive
Center Left Wing Right Wing Defense Defense
Scott Laughton Andrew Mangiapane Kyle Okposo Mario Ferraro Cody Ceci
Goaltenders
Starting : James Reimer
Backup : Cam Talbot
Extra Forwards
Normal : Nicolas Roy, Craig Smith, Pierre Engvall - PP : Kyle Okposo, Josh Bailey - PK : Kyle Okposo
Extra Defensemen
Normal : Jonas Siegenthaler, Luke Schenn, Cody Ceci - PP : Jonas Siegenthaler - PK : Luke Schenn, Dougie Hamilton
Penalty Shots
Trevor Zegras, Dougie Hamilton, Nicolas Roy, Kyle Okposo, Josh Bailey
% Time on Ice - Montreal Canadiens
Lines # - Real PCT - Wanted PCT - Time Play
Normal Forward
1 - 35% - 40% - 14:31
2 - 29% - 30% - 11:56
3 - 22% - 20% - 9:04
4 - 14% - 10% - 5:42
Normal Defense
1 - 42% - 40% - 17:15
2 - 36% - 30% - 14:40
3 - 21% - 20% - 8:35
4 - 2% - 10% - 0:43
PP Forward
1 - 57% - 60% - 3:26
2 - 43% - 40% - 2:35
PP Defense
1 - 63% - 60% - 3:46
2 - 37% - 40% - 2:15
PK Forward
1 - 74% - 60% - 8:54
2 - 26% - 40% - 3:09
PK Defense
1 - 61% - 60% - 7:22
2 - 39% - 40% - 4:41
PK3 Forward
1 - 0% - 60%
2 - 0% - 40%
PK3 Defense
1 - 0% - 60%
2 - 0% - 40%
44 Forward
1 - 0% - 60%
2 - 0% - 40%
44 Defense
1 - 0% - 60%
2 - 0% - 40%
Last Minute Offensive - 0:43
Last Minute Defensive - 0:00
Total
Forward - 60:00
Defense - 60:00
|
% Time on Ice - Toronto Maple Leafs
Lines # - Real PCT - Wanted PCT - Time Play
Normal Forward
1 - 35% - 40% - 14:28
2 - 29% - 30% - 12:07
3 - 19% - 20% - 7:41
4 - 17% - 10% - 6:54
Normal Defense
1 - 42% - 40% - 17:19
2 - 29% - 30% - 11:47
3 - 25% - 20% - 10:13
4 - 4% - 10% - 1:51
PP Forward
1 - 59% - 60% - 7:05
2 - 41% - 40% - 4:58
PP Defense
1 - 59% - 60% - 7:04
2 - 41% - 40% - 4:59
PK Forward
1 - 69% - 60% - 4:10
2 - 31% - 40% - 1:51
PK Defense
1 - 61% - 60% - 3:39
2 - 39% - 40% - 2:22
PK3 Forward
1 - 0% - 60%
2 - 0% - 40%
PK3 Defense
1 - 0% - 60%
2 - 0% - 40%
44 Forward
1 - 0% - 60%
2 - 0% - 40%
44 Defense
1 - 0% - 60%
2 - 0% - 40%
Last Minute Offensive - 0:00
Last Minute Defensive - 0:46
Total
Forward - 60:00
Defense - 60:00
|
Play-by-Play
1st period
0:01 of 1st period - Sam Bennett wins face-off versus Sidney Crosby in neutral zone.
0:23 of 1st period - Icing by Tyler Myers.
0:24 of 1st period - Adam Henrique wins face-off versus Martin Necas in Montreal Canadiens zone.
0:25 of 1st period - Wrist shot by Andrew Mangiapane.
0:25 of 1st period - Stopped by Jacob Markstrom without a rebound.
0:26 of 1st period - Adam Henrique wins face-off versus Martin Necas in Montreal Canadiens zone.
0:27 of 1st period - Snap shot by Andrew Mangiapane.
0:27 of 1st period - Stopped by Jacob Markstrom with a rebound.
1:42 of 1st period - Wrist shot by Craig Smith.
1:42 of 1st period - Shot Blocked by Alexandre Carrier.
1:58 of 1st period - Snap shot by Martin Necas.
1:58 of 1st period - Stopped by James Reimer with a rebound.
2:15 of 1st period - Wrist shot by Miles Wood.
2:15 of 1st period - Stopped by James Reimer with a rebound.
2:42 of 1st period - Wrist shot by Matty Beniers.
2:42 of 1st period - Stopped by James Reimer with a rebound.
2:48 of 1st period - Jonas Siegenthaler is hit by Rasmus Asplund.
2:53 of 1st period - Minor Penalty to Laurent Dauphin for Hooking.
2:54 of 1st period - Sidney Crosby wins face-off versus Brady Tkachuk in Montreal Canadiens zone.
3:05 of 1st period - Brady Skjei is hit by Ryan Pulock and loses puck.
4:06 of 1st period - Adam Fox is hit by Trevor Zegras and loses puck.
4:53 of 1st period - Penalty to Laurent Dauphin is over, Laurent Dauphin is back on ice.
4:55 of 1st period - Tomas Nosek is hit by Mario Ferraro and loses puck.
5:10 of 1st period - Backhand shot by Craig Smith.
5:10 of 1st period - Stopped by Jacob Markstrom without a rebound.
5:11 of 1st period - Nicolas Roy wins face-off versus Martin Necas in Montreal Canadiens zone.
5:32 of 1st period - Cody Ceci is hit by Matty Beniers.
6:02 of 1st period - Slapshot by Tomas Nosek.
6:02 of 1st period - Stopped by James Reimer without a rebound.
6:03 of 1st period - Martin Necas wins face-off versus Sam Bennett in Toronto Maple Leafs zone.
6:24 of 1st period - Minor Penalty to Dougie Hamilton for High sticking.
6:25 of 1st period - Sidney Crosby wins face-off versus Scott Laughton in Toronto Maple Leafs zone.
8:24 of 1st period - Penalty to Dougie Hamilton is over, Dougie Hamilton is back on ice.
9:10 of 1st period - Mario Ferraro is hit by Miles Wood and loses puck.
9:49 of 1st period - Josh Bailey is hit by Matty Beniers.
10:01 of 1st period - Jonas Siegenthaler is hit by Miles Wood and loses puck.
10:22 of 1st period - Tyson Jost is hit by Craig Smith.
11:22 of 1st period - Wrist shot by Nicolas Roy.
11:22 of 1st period - Stopped by Jacob Markstrom with a rebound.
11:51 of 1st period - Minor Penalty to Tyler Myers for Hooking.
11:52 of 1st period - Sidney Crosby wins face-off versus Sam Bennett in Montreal Canadiens zone.
11:59 of 1st period - Slapshot by Filip Forsberg.
11:59 of 1st period - Stopped by James Reimer with a rebound.
12:01 of 1st period - Slapshot by Alexandre Carrier.
12:01 of 1st period - Stopped by James Reimer with a rebound.
12:03 of 1st period - Backhand shot by Adam Fox.
12:03 of 1st period - Shot Blocked by Dougie Hamilton.
13:51 of 1st period - Penalty to Tyler Myers is over, Tyler Myers is back on ice.
13:55 of 1st period - Kyle Okposo is hit by Sidney Crosby and loses puck.
14:21 of 1st period - Backhand shot by Filip Forsberg.
14:21 of 1st period - Shot Blocked by Ryan Pulock.
14:29 of 1st period - Slapshot by Filip Forsberg.
14:29 of 1st period - Stopped by James Reimer with a rebound.
14:45 of 1st period - Snap shot by Filip Forsberg.
14:45 of 1st period - Stopped by James Reimer with a rebound.
14:59 of 1st period - Snap shot by Filip Forsberg.
14:59 of 1st period - Stopped by James Reimer with a rebound.
15:05 of 1st period - Wrist shot by Craig Smith.
15:05 of 1st period - Stopped by Jacob Markstrom without a rebound.
15:06 of 1st period - Sam Bennett wins face-off versus Martin Necas in Montreal Canadiens zone.
15:43 of 1st period - Snap shot by Andrew Mangiapane.
15:43 of 1st period - Stopped by Jacob Markstrom without a rebound.
15:44 of 1st period - Matty Beniers wins face-off versus Sam Bennett in Montreal Canadiens zone.
15:58 of 1st period - Off-side.
15:59 of 1st period - Martin Necas wins face-off versus Adam Henrique in neutral zone.
16:26 of 1st period - Wrist shot by Josh Bailey.
16:26 of 1st period - Shot Misses the Net.
16:34 of 1st period - Snap shot by Christian Fischer.
16:34 of 1st period - Shot Misses the Net.
16:36 of 1st period - Slapshot by Marco Scandella.
16:36 of 1st period - Stopped by James Reimer without a rebound.
16:37 of 1st period - Martin Necas wins face-off versus Scott Laughton in Toronto Maple Leafs zone.
16:49 of 1st period - Wrist shot by Troy Terry.
16:49 of 1st period - Goal by Troy Terry - Montreal Canadiens : 0 - Toronto Maple Leafs : 1.
16:50 of 1st period - Sam Bennett wins face-off versus Sidney Crosby in neutral zone.
17:02 of 1st period - Patrik Laine is hit by Dougie Hamilton and loses puck.
17:52 of 1st period - Off-side.
17:53 of 1st period - Sidney Crosby wins face-off versus Nicolas Roy in neutral zone.
18:06 of 1st period - Wrist shot by Patrik Laine.
18:06 of 1st period - Stopped by James Reimer with a rebound.
18:08 of 1st period - Snap shot by Filip Hronek.
18:08 of 1st period - Shot Blocked by Ryan Pulock.
18:10 of 1st period - Slapshot by Brady Skjei.
18:10 of 1st period - Deflect By Patrik Laine.
18:10 of 1st period - Shot Misses the Net.
18:10 of 1st period - Puck is out of play.
18:11 of 1st period - Martin Necas wins face-off versus Sam Bennett in Toronto Maple Leafs zone.
18:19 of 1st period - Minor Penalty to Brady Tkachuk for Hooking.
18:20 of 1st period - Scott Laughton wins face-off versus Sidney Crosby in Toronto Maple Leafs zone.
Goals for this period are 0 for Montreal Canadiens vs 1 for Toronto Maple Leafs.
Shots for this period are 11 for Montreal Canadiens vs 7 for Toronto Maple Leafs.
2nd period
0:01 of 2nd period - Sidney Crosby wins face-off versus Scott Laughton in neutral zone.
0:17 of 2nd period - Snap shot by Adam Fox.
0:17 of 2nd period - Stopped by James Reimer with a rebound.
0:19 of 2nd period - Penalty to Brady Tkachuk is over, Brady Tkachuk is back on ice.
0:51 of 2nd period - Wrist shot by Pierre Engvall.
0:51 of 2nd period - Stopped by Jacob Markstrom without a rebound.
0:52 of 2nd period - Nicolas Roy wins face-off versus Martin Necas in Montreal Canadiens zone.
1:01 of 2nd period - Snap shot by Nicolas Roy.
1:01 of 2nd period - Shot Misses the Net.
1:03 of 2nd period - Backhand shot by Jonas Siegenthaler.
1:03 of 2nd period - Deflect By Nicolas Roy.
1:03 of 2nd period - Shot Misses the Net.
1:03 of 2nd period - Puck is out of play.
1:04 of 2nd period - Sidney Crosby wins face-off versus Sam Bennett in Montreal Canadiens zone.
1:04 of 2nd period - Sidney Crosby is hit by Sam Bennett.
1:30 of 2nd period - Dougie Hamilton is hit by Miles Wood and loses puck.
1:37 of 2nd period - Wrist shot by Andrew Mangiapane.
1:37 of 2nd period - Shot Misses the Net.
1:52 of 2nd period - Backhand shot by Trevor Zegras.
1:52 of 2nd period - Deflect By Troy Terry.
1:52 of 2nd period - Shot Misses the Net.
1:52 of 2nd period - Puck is out of play.
1:53 of 2nd period - Tyson Jost wins face-off versus Brady Tkachuk in Montreal Canadiens zone.
1:53 of 2nd period - Tyson Jost is hit by Cody Ceci.
2:03 of 2nd period - Wrist shot by Tomas Nosek.
2:03 of 2nd period - Stopped by James Reimer with a rebound.
2:05 of 2nd period - Wrist shot by Christian Fischer.
2:05 of 2nd period - Stopped by James Reimer without a rebound.
2:06 of 2nd period - Adam Henrique wins face-off versus Sidney Crosby in Toronto Maple Leafs zone.
2:11 of 2nd period - Snap shot by Sidney Crosby.
2:11 of 2nd period - Stopped by James Reimer without a rebound.
2:12 of 2nd period - Sidney Crosby wins face-off versus Adam Henrique in Toronto Maple Leafs zone.
2:49 of 2nd period - Snap shot by Sam Bennett.
2:49 of 2nd period - Stopped by Jacob Markstrom with a rebound.
2:51 of 2nd period - Snap shot by Sam Bennett.
2:51 of 2nd period - Stopped by Jacob Markstrom with a rebound.
3:03 of 2nd period - Snap shot by Tyson Jost.
3:03 of 2nd period - Stopped by James Reimer without a rebound.
3:04 of 2nd period - Tyson Jost wins face-off versus Scott Laughton in Toronto Maple Leafs zone.
3:15 of 2nd period - Snap shot by Tomas Nosek.
3:15 of 2nd period - Stopped by James Reimer without a rebound.
3:16 of 2nd period - Sam Bennett wins face-off versus Sidney Crosby in Toronto Maple Leafs zone.
3:26 of 2nd period - Icing by Adam Fox.
3:27 of 2nd period - Adam Henrique wins face-off versus Sidney Crosby in Montreal Canadiens zone.
3:32 of 2nd period - Wrist shot by Adam Henrique.
3:32 of 2nd period - Stopped by Jacob Markstrom with a rebound.
3:34 of 2nd period - Slapshot by Adam Henrique.
3:34 of 2nd period - Stopped by Jacob Markstrom with a rebound.
3:36 of 2nd period - Wrist shot by Kyle Okposo.
3:36 of 2nd period - Shot Misses the Net.
3:38 of 2nd period - Slapshot by Andrew Mangiapane.
3:38 of 2nd period - Stopped by Jacob Markstrom with a rebound.
3:40 of 2nd period - Slapshot by Dougie Hamilton.
3:40 of 2nd period - Deflect By Adam Fox.
3:40 of 2nd period - Stopped by Jacob Markstrom without a rebound.
3:41 of 2nd period - Sidney Crosby wins face-off versus Sam Bennett in Montreal Canadiens zone.
3:50 of 2nd period - Snap shot by Adam Fox.
3:50 of 2nd period - Shot Misses the Net.
3:56 of 2nd period - Wrist shot by Patrik Laine.
3:56 of 2nd period - Stopped by James Reimer with a rebound.
3:58 of 2nd period - Snap shot by Tyler Myers.
3:58 of 2nd period - Deflect By Sidney Crosby.
3:58 of 2nd period - Stopped by James Reimer without a rebound.
3:59 of 2nd period - Martin Necas wins face-off versus Adam Henrique in Toronto Maple Leafs zone.
4:00 of 2nd period - Snap shot by Miles Wood.
4:00 of 2nd period - Stopped by James Reimer without a rebound.
4:01 of 2nd period - Adam Henrique wins face-off versus Martin Necas in Toronto Maple Leafs zone.
4:06 of 2nd period - Slapshot by Andrew Mangiapane.
4:06 of 2nd period - Shot Misses the Net.
4:08 of 2nd period - Snap shot by Adam Henrique.
4:08 of 2nd period - Shot Misses the Net.
4:10 of 2nd period - Wrist shot by Andrew Mangiapane.
4:10 of 2nd period - Goal by Andrew Mangiapane - Montreal Canadiens : 0 - Toronto Maple Leafs : 2.
4:11 of 2nd period - Sam Bennett wins face-off versus Filip Forsberg in neutral zone.
4:58 of 2nd period - Off-side.
4:59 of 2nd period - Tyson Jost wins face-off versus Scott Laughton in neutral zone.
5:06 of 2nd period - Slapshot by Tomas Nosek.
5:06 of 2nd period - Goal by Tomas Nosek - Montreal Canadiens : 1 - Toronto Maple Leafs : 2.
5:07 of 2nd period - Sidney Crosby wins face-off versus Sam Bennett in neutral zone.
5:16 of 2nd period - Wrist shot by Filip Forsberg.
5:16 of 2nd period - Deflect By Sidney Crosby.
5:16 of 2nd period - Stopped by James Reimer without a rebound.
5:17 of 2nd period - Sam Bennett wins face-off versus Sidney Crosby in Toronto Maple Leafs zone.
5:24 of 2nd period - Snap shot by Josh Bailey.
5:24 of 2nd period - Shot Misses the Net.
5:26 of 2nd period - Minor Penalty to Tyler Myers for Kneeing.
5:27 of 2nd period - Sam Bennett wins face-off versus Sidney Crosby in Montreal Canadiens zone.
5:54 of 2nd period - Filip Forsberg is hit by Adam Henrique and loses puck.
6:01 of 2nd period - Wrist shot by Adam Henrique.
6:01 of 2nd period - Shot Blocked by Adam Fox.
6:03 of 2nd period - Snap shot by Cody Ceci.
6:03 of 2nd period - Shot Misses the Net.
6:30 of 2nd period - Off-side.
6:31 of 2nd period - Tomas Nosek wins face-off versus Adam Henrique in neutral zone.
6:41 of 2nd period - Slapshot by Trevor Zegras.
6:41 of 2nd period - Stopped by Jacob Markstrom with a rebound.
6:43 of 2nd period - Snap shot by Adam Henrique.
6:43 of 2nd period - Shot Misses the Net.
7:26 of 2nd period - Penalty to Tyler Myers is over, Tyler Myers is back on ice.
7:57 of 2nd period - Kyle Okposo is hit by Filip Hronek.
8:14 of 2nd period - Scott Laughton is hit by Marco Scandella.
8:54 of 2nd period - Dougie Hamilton is hit by Filip Forsberg and loses puck.
9:19 of 2nd period - Slapshot by Kyle Okposo.
9:19 of 2nd period - Shot Misses the Net.
10:05 of 2nd period - Wrist shot by Patrik Laine.
10:05 of 2nd period - Shot Blocked by Dougie Hamilton.
10:07 of 2nd period - Slapshot by Patrik Laine.
10:07 of 2nd period - Shot Misses the Net.
10:09 of 2nd period - Slapshot by Alexandre Carrier.
10:09 of 2nd period - Shot Misses the Net.
10:40 of 2nd period - Cody Ceci is hit by Jake Evans.
10:56 of 2nd period - Tyler Myers is hit by Troy Terry and loses puck.
11:21 of 2nd period - Icing by Kyle Okposo.
11:22 of 2nd period - Andrew Mangiapane wins face-off versus Filip Forsberg in Toronto Maple Leafs zone.
11:45 of 2nd period - Adam Henrique is hit by Filip Forsberg and loses puck.
12:08 of 2nd period - Slapshot by Andrew Mangiapane.
12:08 of 2nd period - Stopped by Jacob Markstrom with a rebound.
12:18 of 2nd period - Slapshot by Sidney Crosby.
12:18 of 2nd period - Shot Blocked by Andrew Mangiapane.
12:20 of 2nd period - Snap shot by Sidney Crosby.
12:20 of 2nd period - Shot Misses the Net.
12:22 of 2nd period - Slapshot by Filip Hronek.
12:22 of 2nd period - Deflect By Filip Forsberg.
12:22 of 2nd period - Stopped by James Reimer with a rebound.
12:24 of 2nd period - Slapshot by Sidney Crosby.
12:24 of 2nd period - Stopped by James Reimer with a rebound.
12:28 of 2nd period - Snap shot by Sidney Crosby.
12:28 of 2nd period - Stopped by James Reimer with a rebound.
12:30 of 2nd period - Slapshot by Filip Hronek.
12:30 of 2nd period - Stopped by James Reimer with a rebound.
12:32 of 2nd period - Slapshot by Filip Hronek.
12:32 of 2nd period - Shot Misses the Net.
12:34 of 2nd period - Snap shot by Filip Forsberg.
12:34 of 2nd period - Deflect By Patrik Laine.
12:34 of 2nd period - Stopped by James Reimer with a rebound.
12:36 of 2nd period - Slapshot by Brady Skjei.
12:36 of 2nd period - Stopped by James Reimer without a rebound.
12:37 of 2nd period - Sam Bennett wins face-off versus Martin Necas in Toronto Maple Leafs zone.
12:42 of 2nd period - Wrist shot by Miles Wood.
12:42 of 2nd period - Stopped by James Reimer with a rebound.
12:48 of 2nd period - Wrist shot by Josh Bailey.
12:48 of 2nd period - Shot Misses the Net.
12:50 of 2nd period - Snap shot by Sam Bennett.
12:50 of 2nd period - Stopped by Jacob Markstrom without a rebound.
12:51 of 2nd period - Tyson Jost wins face-off versus Sam Bennett in Montreal Canadiens zone.
13:03 of 2nd period - Icing by Josh Bailey.
13:04 of 2nd period - Martin Necas wins face-off versus Sam Bennett in Toronto Maple Leafs zone.
13:09 of 2nd period - Snap shot by Martin Necas.
13:09 of 2nd period - Stopped by James Reimer with a rebound.
13:19 of 2nd period - Snap shot by Sam Bennett.
13:19 of 2nd period - Shot Misses the Net.
13:21 of 2nd period - Snap shot by Sam Bennett.
13:21 of 2nd period - Stopped by Jacob Markstrom without a rebound.
13:22 of 2nd period - Scott Laughton wins face-off versus Sidney Crosby in Montreal Canadiens zone.
13:55 of 2nd period - Icing by Dougie Hamilton.
13:56 of 2nd period - Sam Bennett wins face-off versus Martin Necas in Toronto Maple Leafs zone.
14:07 of 2nd period - Slapshot by Martin Necas.
14:07 of 2nd period - Shot Misses the Net.
14:09 of 2nd period - Wrist shot by Martin Necas.
14:09 of 2nd period - Shot Blocked by Mario Ferraro.
14:11 of 2nd period - Snap shot by Martin Necas.
14:11 of 2nd period - Stopped by James Reimer without a rebound.
14:12 of 2nd period - Sidney Crosby wins face-off versus Adam Henrique in Toronto Maple Leafs zone.
14:12 of 2nd period - Sidney Crosby is hit by Ryan Pulock.
14:38 of 2nd period - Jake Evans is hit by Brady Tkachuk and loses puck.
16:10 of 2nd period - Wrist shot by Craig Smith.
16:10 of 2nd period - Shot Misses the Net.
16:12 of 2nd period - Backhand shot by Luke Schenn.
16:12 of 2nd period - Shot Misses the Net.
16:14 of 2nd period - Wrist shot by Nicolas Roy.
16:14 of 2nd period - Deflect By Craig Smith.
16:14 of 2nd period - Shot Misses the Net.
16:14 of 2nd period - Puck is out of play.
16:15 of 2nd period - Tyson Jost wins face-off versus Adam Henrique in Montreal Canadiens zone.
16:20 of 2nd period - Andrew Mangiapane is hit by Tyler Myers and loses puck.
16:41 of 2nd period - Slapshot by Miles Wood.
16:41 of 2nd period - Shot Blocked by Kyle Okposo.
17:13 of 2nd period - Snap shot by Adam Henrique.
17:13 of 2nd period - Shot Hit the Post.
17:37 of 2nd period - Slapshot by Adam Henrique.
17:37 of 2nd period - Stopped by Jacob Markstrom with a rebound.
17:59 of 2nd period - Wrist shot by Andrew Mangiapane.
17:59 of 2nd period - Deflect By Adam Henrique.
17:59 of 2nd period - Shot Misses the Net.
17:59 of 2nd period - Puck is out of play.
18:00 of 2nd period - Martin Necas wins face-off versus Sam Bennett in Montreal Canadiens zone.
18:17 of 2nd period - Snap shot by Dougie Hamilton.
18:17 of 2nd period - Shot Blocked by Martin Necas.
18:27 of 2nd period - Scott Laughton is hit by Tomas Nosek.
18:37 of 2nd period - Wrist shot by Trevor Zegras.
18:37 of 2nd period - Stopped by Jacob Markstrom with a rebound.
18:54 of 2nd period - Minor Penalty to Craig Smith for Goalie Interference.
18:55 of 2nd period - Patrik Laine wins face-off versus Scott Laughton in Toronto Maple Leafs zone.
18:58 of 2nd period - Wrist shot by Filip Forsberg.
18:58 of 2nd period - Deflect By Patrik Laine.
18:58 of 2nd period - Goal by Patrik Laine - Montreal Canadiens : 2 - Toronto Maple Leafs : 2.
18:59 of 2nd period - Filip Forsberg wins face-off versus Sam Bennett in neutral zone.
19:53 of 2nd period - Adam Henrique is hit by Christian Fischer and loses puck.
Goals for this period are 2 for Montreal Canadiens vs 1 for Toronto Maple Leafs.
Shots for this period are 21 for Montreal Canadiens vs 14 for Toronto Maple Leafs.
3rd period
0:01 of 3rd period - Sam Bennett wins face-off versus Sidney Crosby in neutral zone.
0:01 of 3rd period - Sam Bennett is hit by Adam Fox.
0:12 of 3rd period - Wrist shot by Sidney Crosby.
0:12 of 3rd period - Shot Blocked by Mario Ferraro.
0:29 of 3rd period - Off-side.
0:30 of 3rd period - Martin Necas wins face-off versus Scott Laughton in neutral zone.
0:55 of 3rd period - Brady Skjei is hit by Sam Bennett and loses puck.
1:16 of 3rd period - Snap shot by Andrew Mangiapane.
1:16 of 3rd period - Deflect By Kyle Okposo.
1:16 of 3rd period - Stopped by Jacob Markstrom with a rebound.
1:18 of 3rd period - Snap shot by Kyle Okposo.
1:18 of 3rd period - Goal by Kyle Okposo - Montreal Canadiens : 2 - Toronto Maple Leafs : 3.
1:19 of 3rd period - Patrik Laine wins face-off versus Sam Bennett in neutral zone.
1:45 of 3rd period - Minor Penalty to Tyler Myers for Roughing.
1:46 of 3rd period - Sam Bennett wins face-off versus Sidney Crosby in Montreal Canadiens zone.
1:48 of 3rd period - Snap shot by Sam Bennett.
1:48 of 3rd period - Stopped by Jacob Markstrom without a rebound.
1:49 of 3rd period - Sam Bennett wins face-off versus Sidney Crosby in Montreal Canadiens zone.
1:50 of 3rd period - Slapshot by Troy Terry.
1:50 of 3rd period - Shot Misses the Net.
2:01 of 3rd period - Slapshot by Brady Tkachuk.
2:01 of 3rd period - Shot Misses the Net.
2:03 of 3rd period - Slapshot by Dougie Hamilton.
2:03 of 3rd period - Shot Blocked by Alexandre Carrier.
2:05 of 3rd period - Slapshot by Dougie Hamilton.
2:05 of 3rd period - Stopped by Jacob Markstrom without a rebound.
2:06 of 3rd period - Sam Bennett wins face-off versus Sidney Crosby in Montreal Canadiens zone.
2:09 of 3rd period - Snap shot by Sam Bennett.
2:09 of 3rd period - Stopped by Jacob Markstrom with a rebound.
2:11 of 3rd period - Slapshot by Troy Terry.
2:11 of 3rd period - Stopped by Jacob Markstrom without a rebound.
2:12 of 3rd period - Sidney Crosby wins face-off versus Sam Bennett in Montreal Canadiens zone.
3:45 of 3rd period - Penalty to Tyler Myers is over, Tyler Myers is back on ice.
4:00 of 3rd period - Pierre Engvall is hit by Martin Necas and loses puck.
4:09 of 3rd period - Martin Necas is hit by Jonas Siegenthaler and loses puck.
4:56 of 3rd period - Dougie Hamilton is hit by Sidney Crosby and loses puck.
5:11 of 3rd period - Christian Fischer is hit by Cody Ceci and loses puck.
5:50 of 3rd period - Tyler Myers is hit by Josh Bailey and loses puck.
6:13 of 3rd period - Minor Penalty to Adam Fox for Hooking.
6:14 of 3rd period - Sam Bennett wins face-off versus Sidney Crosby in Montreal Canadiens zone.
7:06 of 3rd period - Cody Ceci is hit by Brady Skjei and loses puck.
8:13 of 3rd period - Penalty to Adam Fox is over, Adam Fox is back on ice.
8:21 of 3rd period - Snap shot by Adam Fox.
8:21 of 3rd period - Stopped by James Reimer with a rebound.
8:41 of 3rd period - Slapshot by Craig Smith.
8:41 of 3rd period - Stopped by Jacob Markstrom without a rebound.
8:42 of 3rd period - Martin Necas wins face-off versus Nicolas Roy in Montreal Canadiens zone.
9:00 of 3rd period - Minor Penalty to Brady Skjei for Roughing.
9:01 of 3rd period - Sam Bennett wins face-off versus Sidney Crosby in Montreal Canadiens zone.
9:15 of 3rd period - Snap shot by Sam Bennett.
9:15 of 3rd period - Stopped by Jacob Markstrom without a rebound.
9:16 of 3rd period - Sam Bennett wins face-off versus Filip Forsberg in Montreal Canadiens zone.
9:19 of 3rd period - Snap shot by Brady Tkachuk.
9:19 of 3rd period - Stopped by Jacob Markstrom with a rebound.
9:21 of 3rd period - Slapshot by Ryan Pulock.
9:21 of 3rd period - Deflect By Adam Fox.
9:21 of 3rd period - Stopped by Jacob Markstrom with a rebound.
9:23 of 3rd period - Slapshot by Ryan Pulock.
9:23 of 3rd period - Stopped by Jacob Markstrom without a rebound.
9:24 of 3rd period - Sam Bennett wins face-off versus Filip Forsberg in Montreal Canadiens zone.
10:17 of 3rd period - Snap shot by Troy Terry.
10:17 of 3rd period - Shot Misses the Net.
10:19 of 3rd period - Slapshot by Ryan Pulock.
10:19 of 3rd period - Deflect By Martin Necas.
10:19 of 3rd period - Stopped by Jacob Markstrom without a rebound.
10:20 of 3rd period - Andrew Mangiapane wins face-off versus Sidney Crosby in Montreal Canadiens zone.
11:00 of 3rd period - Penalty to Brady Skjei is over, Brady Skjei is back on ice.
11:01 of 3rd period - Slapshot by Alexandre Carrier.
11:01 of 3rd period - Deflect By Patrik Laine.
11:01 of 3rd period - Shot Blocked by Ryan Pulock.
11:01 of 3rd period - Puck is out of play.
11:02 of 3rd period - Adam Henrique wins face-off versus Tyson Jost in Toronto Maple Leafs zone.
11:17 of 3rd period - Backhand shot by Tomas Nosek.
11:17 of 3rd period - Stopped by James Reimer without a rebound.
11:18 of 3rd period - Sidney Crosby wins face-off versus Nicolas Roy in Toronto Maple Leafs zone.
11:45 of 3rd period - Jake Evans is hit by Dougie Hamilton and loses puck.
11:54 of 3rd period - Snap shot by Brady Tkachuk.
11:54 of 3rd period - Shot Misses the Net.
12:09 of 3rd period - Off-side.
12:10 of 3rd period - Adam Henrique wins face-off versus Sidney Crosby in neutral zone.
12:25 of 3rd period - Snap shot by Andrew Mangiapane.
12:25 of 3rd period - Shot Misses the Net.
12:43 of 3rd period - Slapshot by Marco Scandella.
12:43 of 3rd period - Stopped by James Reimer with a rebound.
12:45 of 3rd period - Snap shot by Patrik Laine.
12:45 of 3rd period - Stopped by James Reimer with a rebound.
12:51 of 3rd period - Slapshot by Sidney Crosby.
12:51 of 3rd period - Stopped by James Reimer without a rebound.
12:52 of 3rd period - Miles Wood wins face-off versus Sam Bennett in Toronto Maple Leafs zone.
12:53 of 3rd period - Snap shot by Martin Necas.
12:53 of 3rd period - Shot Misses the Net.
13:03 of 3rd period - Snap shot by Miles Wood.
13:03 of 3rd period - Stopped by James Reimer with a rebound.
14:06 of 3rd period - Wrist shot by Sidney Crosby.
14:06 of 3rd period - Stopped by James Reimer with a rebound.
14:22 of 3rd period - Josh Bailey is hit by Matty Beniers and loses puck.
15:03 of 3rd period - Snap shot by Trevor Zegras.
15:03 of 3rd period - Deflect By Troy Terry.
15:03 of 3rd period - Stopped by Jacob Markstrom with a rebound.
15:05 of 3rd period - Slapshot by Luke Schenn.
15:05 of 3rd period - Stopped by Jacob Markstrom without a rebound.
15:06 of 3rd period - Scott Laughton wins face-off versus Tyson Jost in Montreal Canadiens zone.
15:42 of 3rd period - Slapshot by Brady Tkachuk.
15:42 of 3rd period - Stopped by Jacob Markstrom without a rebound.
15:43 of 3rd period - Sidney Crosby wins face-off versus Scott Laughton in Montreal Canadiens zone.
15:43 of 3rd period - Sidney Crosby is hit by Trevor Zegras.
15:48 of 3rd period - Minor Penalty to Dougie Hamilton for Tripping.
15:49 of 3rd period - Scott Laughton wins face-off versus Filip Forsberg in Toronto Maple Leafs zone.
16:33 of 3rd period - Andrew Mangiapane is hit by Adam Fox and loses puck.
16:48 of 3rd period - Jonas Siegenthaler is hit by Filip Hronek and loses puck.
17:48 of 3rd period - Penalty to Dougie Hamilton is over, Dougie Hamilton is back on ice.
18:57 of 3rd period - Scott Laughton is hit by Patrik Laine and loses puck.
19:00 of 3rd period - Montreal Canadiens, Jacob Markstrom is pulled from the net.
19:24 of 3rd period - Snap shot by Sidney Crosby.
19:24 of 3rd period - Stopped by James Reimer without a rebound.
19:25 of 3rd period - Claude Julien call a timeout for Montreal Canadiens.
19:25 of 3rd period - Scott Laughton wins face-off versus Sidney Crosby in Toronto Maple Leafs zone.
19:25 of 3rd period - Scott Laughton is hit by Patrik Laine.
19:34 of 3rd period - Minor Penalty to Filip Forsberg for Diving.
19:35 of 3rd period - Jacob Markstrom from Montreal Canadiens was sent back in the game.
19:35 of 3rd period - Sidney Crosby wins face-off versus Sam Bennett in Montreal Canadiens zone.
19:43 of 3rd period - Slapshot by Dougie Hamilton.
19:43 of 3rd period - Deflect By Troy Terry.
19:43 of 3rd period - Goal by Troy Terry - Montreal Canadiens : 2 - Toronto Maple Leafs : 4.
19:44 of 3rd period - Tyson Jost wins face-off versus Scott Laughton in neutral zone.
19:55 of 3rd period - Slapshot by Christian Fischer.
19:55 of 3rd period - Shot Blocked by Trevor Zegras.
19:57 of 3rd period - Snap shot by Christian Fischer.
19:57 of 3rd period - Shot Misses the Net.
19:59 of 3rd period - Slapshot by Adam Fox.
19:59 of 3rd period - Deflect By Troy Terry.
19:59 of 3rd period - Stopped by James Reimer without a rebound.
Goals for this period are 0 for Montreal Canadiens vs 2 for Toronto Maple Leafs.
Shots for this period are 9 for Montreal Canadiens vs 16 for Toronto Maple Leafs.
Back to the Top